 Dungeon Crawl Stone Soup version 0.14-a0-1721-g84c87b2 (webtiles) character file.

58 Mitsuki the Insei (level 3, 0/26 HPs)
             Began as a Merfolk Transmuter on Jan 2, 2014.
             Slain by a gnoll
             ... wielding a +0,+0 spear
              (3 damage)
             ... on Level 2 of the Dungeon.
             The game lasted 00:03:53 (798 turns).

Mitsuki the Insei (Merfolk Transmuter)               Turns: 798, Time: 00:03:53

HP   0/26        AC  3     Str 10      XL: 3   Next: 29%
MP   5/6         EV 13     Int 13      God:
Gold 25          SH  0     Dex 14      Spells:  2 memorised,  2 levels left

rFire  . . .     SeeInvis .       - Unarmed
rCold  . . .     Clarity  .     c - +0 robe
rNeg   . . .     Conserve .     (no shield)
rPois  .         rCorr    .     (helmet restricted)
rElec  .         rRot     .     j - +0 cloak
SustAb . .       Spirit   .     (no gloves)
rMut   .         Warding  .     (no boots)
Saprov . . .     Stasis   .     (no amulet)
                                (no ring)
                                (no ring)

@: appendage, not resistant to hostile enchantments, unstealthy
A: change form in water, swift swim, horns 2
a: End Transformation


You were on level 2 of the Dungeon.
You were not hungry.
You had grown temporary horns.
You visited 1 branch of the dungeon, and saw 2 of its levels.

You collected 25 gold pieces.

Inventory:

Missiles
 b - 12 arrows
Armour
 c - a +0 robe (worn)
 j - a +0 cloak (worn)
Comestibles
 a - a bread ration
 l - a banana
Scrolls
 e - 2 scrolls of remove curse {unknown}
 g - a scroll of random uselessness {unknown}
 h - a scroll of curse jewellery {unknown}
 k - a scroll of curse armour {unknown}
Potions
 f - a potion of invisibility {unknown}
 i - a potion of speed {unknown}
 m - a potion of paralysis {unknown}
Books
 d - a book of Changes

   Spells                             Type                      Level
   *Beastly Appendage                 Transmutation                1
   Sticks to Snakes                   Transmutation                2
   *Spider Form                       Transmutation/Poison         3
   Ice Form                           Ice/Transmutation            4
   Blade Hands                        Transmutation                5


   Skills:
 - Level 1.1 Fighting
 - Level 2.6 Dodging
 + Level 4.1 Unarmed Combat
 + Level 2.2 Spellcasting
 * Level 3.4 Transmutations


You had 2 spell levels left.
You knew the following spells:

 Your Spells              Type           Power        Failure   Level  Hunger
a - Beastly Appendage     Trmt           ##....       8%          1    ##.....
b - Spider Form           Trmt/Pois      #.........   38%         3    ####...


Dungeon Overview and Level Annotations

Branches:
Dungeon (2/16)

Altars:


Innate Abilities, Weirdness & Mutations

You revert to your normal form in water.*
You are very nimble and swift while swimming.*
You have a pair of horns on your head.*


Message History

The gnoll hits you from afar with a spear.
You barely miss the gnoll. The gnoll hits you. The gnoll misses you.
You hit the gnoll. Your headbutt misses the gnoll.
The gnoll is heavily wounded.
The gnoll hits you.
You hit the gnoll.
The gnoll is severely wounded.
The gnoll hits you but does no damage. The gnoll misses you.
You hit the gnoll. Your headbutt misses the gnoll.
The gnoll is almost dead.
The gnoll closely misses you. The gnoll hits you with a flail!
* * * LOW HITPOINT WARNING * * *
You hit the gnoll but do no damage.
The gnoll is almost dead.
The gnoll closely misses you. The gnoll barely misses you.
The gnoll barely misses you. The gnoll barely misses you.
The gnoll hits you from afar with a spear.
You die...

#......%..#
#.........#
#.........+
#.......g.#
#.........# #'## #gg##
##gg##### ###+###
##.@.(.# #......
########'#######......
#.........##...'......
+.........'..###......
#.........#### #......
.........# #......
.........# #....(.
.........# #####'#
######### ######(#


You could see 4 gnolls.

Vanquished Creatures
  A gnoll (D:1)
  A giant gecko (D:1)
  3 goblins (D:1)
  5 hobgoblins
  3 bats (D:1)
  A giant cockroach (D:1)
  A giant newt (D:1)
  3 kobolds
  4 rats (D:1)
22 creatures vanquished.

Notes
Turn   | Place    | Note
--------------------------------------------------------------
     0 | D:1      | Mitsuki, the Merfolk Transmuter, began the quest for the Orb.
     0 | D:1      | Reached XP level 1. HP: 15/15 MP: 3/3
    28 | D:1      | Reached XP level 2. HP: 11/21 MP: 2/4
   431 | D:1      | Reached skill level 4 in Unarmed Combat
   465 | D:1      | Reached XP level 3. HP: 22/26 MP: 6/6
   689 | D:1      | Learned a level 3 spell: Spider Form
   798 | D:2      | Slain by a gnoll

Action                   || total
-------------------------++-------
Melee: Unarmed           ||    93
 Cast: Beastly Appendage ||    15
